 Dungeon Crawl Stone Soup version 0.29-a0-1030-gf5f8719cae (webtiles) character file.

Game seed: 316606923876839507

305 DungeonMaster the Magician (level 6, 39/41 HPs)
             Began as a Demonspawn Wanderer on Aug 13, 2022.
             Quit the game on level 4 of the Dungeon.
             The game lasted 00:11:17 (3947 turns).

DungeonMaster the Magician (Demonspawn Wanderer)    Turns: 3947, Time: 00:11:18

Health: 39/41      AC:  6    Str: 10    XL:     6   Next: 16%
Magic:  8/10       EV: 12    Int: 19    God:
Gold:   1486       SH:  0    Dex: 11    Spells: 5/11 levels left

rFire   . . .      SeeInvis .   a - +2 dagger (venom)
rCold   . . .      Faith    .   (no shield)
rNeg    . . .      Spirit   .   t - +2 animal skin
rPois   .          Reflect  .   (helmet restricted)
rElec   .          Harm     .   r - +0 cloak
rCorr   .          Rampage  .   k - +0 pair of gloves
Will    +....                   (no boots)
Stlth   +.........              (no amulet)
HPRegen 0.13/turn               m - ring of willpower
MPRegen 0.12/turn               (no ring)

@: no status effects
A: hooves 2, horns 1, ignite blood 1
a: no special abilities


You were on level 4 of the Dungeon.
You visited 1 branch of the dungeon, and saw 4 of its levels.

You collected 1486 gold pieces.

Inventory:

Hand Weapons
 a - a +2 dagger of venom (weapon)
 p - a +1 dagger of flaming
 q - a +4 spear
Missiles
 c - 6 poisoned darts
 e - 17 stones (quivered)
 f - 2 throwing nets
Armour
 k - a +0 pair of gloves (worn)
 r - a +0 cloak (worn)
 t - a +2 animal skin (worn)
 u - a +0 helmet
Jewellery
 d - an amulet of regeneration
 m - a ring of willpower (left hand)
 s - a ring of ice
Scrolls
 b - a scroll of blinking
 g - 11 scrolls of fog
Potions
 h - a potion of brilliance {unknown}
 i - 2 potions of flight {unknown}
 j - a potion of ambrosia {unknown}
 l - 2 potions of mutation {unknown}
 n - a potion of attraction {unknown}
 o - 3 potions of curing {unknown}


   Skills:
 - Level 2.6 Dodging
 * Level 3.3 Spellcasting
 * Level 3.3 Conjurations
 - Level 3.2 Necromancy
 * Level 3.2 Air Magic
 - Level 1.2 Invocations
 - Level 1.0 Evocations


You had 5 spell levels left.
You knew the following spells:

 Your Spells              Type           Power      Damage    Failure   Level
a - Shock                 Conj/Air       60%        1d6       3%          1
b - Ensorcelled Hibernat  Hex/Ice        6%         N/A       22%         2
d - Mephitic Cloud        Conj/Pois/Air  11%        N/A       19%         3

Your spell library contained the following spells:

 Spells                   Type           Power      Damage    Failure   Level
 Necrotise                Necr           60%        1d7       3%          1
 Sublimation of Blood     Necr           15%        N/A       6%          2
 Spider Form              Tmut/Pois      3%         N/A       41%         3
 Corpse Rot               Necr/Pois/Air  11%        N/A       52%         4
 Anguish                  Hex/Necr       4%         N/A       58%         4


Dungeon Overview and Level Annotations

Branches:
Dungeon (4/15)
 Temple: D:4-7

Altars:
Kikubaaqudgha


Innate Abilities, Weirdness & Mutations

You have hoof-like feet.
You have a pair of small horns on your head.
Your demonic aura sometimes causes spilled blood to erupt in flames.


Message History

Aiming: Shock (safe; 4% risk of failure)
Press: ? - help, Shift-Dir - straight line, f - scorpion
Aim: a scorpion (71% to hit)
The zap hits the scorpion.
The scorpion is lightly wounded.
Casting: Shock (safe; 4% risk of failure)
Confirm with . or Enter, or press ? or * to list all spells.
Aiming: Shock (safe; 4% risk of failure)
Press: ? - help, Shift-Dir - straight line, f/p - scorpion
Aim: a scorpion (lightly wounded, 71% to hit)
The zap hits the scorpion.
The scorpion is moderately wounded.
Casting: Shock (safe; 4% risk of failure)
Confirm with . or Enter, or press ? or * to list all spells.
Aiming: Shock (safe; 4% risk of failure)
Press: ? - help, Shift-Dir - straight line, f/p - scorpion
Aim: a scorpion (moderately wounded, 71% to hit)
The zap hits the scorpion.
The scorpion is heavily wounded.
Casting: Shock (safe; 4% risk of failure)
Confirm with . or Enter, or press ? or * to list all spells.
Aiming: Shock (safe; 4% risk of failure)
Press: ? - help, Shift-Dir - straight line, f/p - scorpion
Aim: a scorpion (heavily wounded, 71% to hit)
The zap hits the scorpion.
The scorpion is severely wounded.
You hit the scorpion but do no damage.
The scorpion is poisoned.
Your kick misses the scorpion.
The scorpion is severely wounded.
The scorpion stings you.
You hit the scorpion but do no damage.
The scorpion looks even sicker.
You kick the scorpion, but do no damage.
The scorpion is almost dead.
You kill the scorpion!
You have reached level 6!
Your demonic ancestry asserts itself...
A pair of horns grows on your head!
Your +0 helmet falls away!
A scorpion is nearby!
Are you sure you want to abandon this character and quit the game? (Confirm with "yes".)

... ... ..# .
..###.# ..#....
.......
######.......
#.##.@.......
#..........#.
#..........#
#............
#...........s
#...###.###..
#...#○...☼# .
#...#.....##......
#......_...........


You could see a scorpion (wandering).

Vanquished Creatures
  A scorpion (D:4)
  A hound (D:3)
  An orc priest (D:4)
  Terence (D:2)
  Robin (D:3)
  3 gnolls (D:4)
  4 adders
  2 worms (D:2)
  2 dart slugs (D:2)
  4 orcs (D:4)
  3 bats
  3 endoplasms
  A giant cockroach (D:3)
  15 goblins
  6 hobgoblins (D:3)
  4 quokkas
  9 ball pythons
  5 frilled lizards
  5 kobolds
  2 rats
73 creatures vanquished.

Notes
Turn   | Place    | Note
-------+----------+-------------------------------------------
     0 | D:1      | DungeonMaster the Demonspawn Wanderer began the quest for
                  | the Orb.
     0 | D:1      | DungeonMaster set off with the following items: a +0
                  | dagger, a scroll of blinking, a +0 robe, a +0 helmet; and
                  | the following spells available to memorise: Necrotise,
                  | Sublimation of Blood, Shock, Mephitic Cloud, Corpse Rot.
     0 | D:1      | Reached XP level 1. HP: 13/13 MP: 2/2
     2 | D:1      | Learned a level 1 spell: Shock
   579 | D:1      | Gained mutation: Your demonic aura sometimes causes spilled
                  | blood to erupt in flames. [demonic ancestry]
   579 | D:1      | Reached XP level 2. HP: 19/19 MP: 1/3
   737 | D:1      | Reached skill level 1 in Conjurations
  1855 | D:2      | Reached XP level 3. HP: 24/24 MP: 5/5
  1870 | D:2      | Noticed Terence
  2029 | D:2      | Identified a scroll of acquirement
  2029 | D:2      | Acquired 973 gold pieces
  2276 | D:2      | Found a faded altar of an unknown god.
  2397 | D:3      | Discovered your monstrous ancestry.
  2397 | D:3      | Gained mutation: You have large cloven feet. [demonic
                  | ancestry]
  2397 | D:3      | Reached XP level 4. HP: 26/30 MP: 2/7
  2658 | D:3      | Learned a level 2 spell: Ensorcelled Hibernation
  2662 | D:3      | Learned a level 3 spell: Mephitic Cloud
  2795 | D:3      | Noticed Robin
  2843 | D:2      | Killed Terence
  3290 | D:3      | Gained mutation: You have hoof-like feet. [demonic
                  | ancestry]
  3290 | D:3      | Reached XP level 5. HP: 31/35 MP: 2/8
  3409 | D:3      | Killed Robin
  3690 | D:3      | Acquired 370 gold pieces
  3826 | D:4      | Found an ancient bone altar of Kikubaaqudgha.
  3923 | D:4      | Gained mutation: You have a pair of small horns on your
                  | head. [demonic ancestry]
  3923 | D:4      | Reached XP level 6. HP: 36/41 MP: 5/10
  3947 | D:4      | Quit the game

Illustrated notes

Levels and vault maps discovered:
D:1:      saegor_arrival_simple_d, layout_loops_ring
D:2:      layout_basic, basic_altar, basic_ecumenical_altar, uniq_terence,
          uniq_crazy_yiuf_cottage
D:3:      layout_loops_ring, uniq_robin
D:4:      layout_cave_pools, fedhas_altar_4,
          nicolae_kikubaaqudgha_miasma_corner, kennysheep_big_empty_room,
          kennysheep_windowed_goal

Skill      XL: |  1  2  3  4  5 |
---------------+----------------+-----
Conjurations   | 1 2 3 |  3.3
Spellcasting   | 2 3 |  3.3
Air Magic      | 2 3 |  3.2
Dodging        | |  2.6
Necromancy     | |  3.2
Invocations    | |  1.2
Evocations     | |  1.0

Action                   |  1- 3 |  4- 6 || total
-------------------------+-------+-------++-------
Melee: Dagger            |    35 |    48 ||    83
       Short sword       |     7 |       ||     7
       Punch             |     1 |     1 ||     2
       Kick              |       |    15 ||    15
 Cast: Shock             |    54 |    68 ||   122
       Mephitic Cloud    |       |     2 ||     2
  Use: Scroll            |     2 |     1 ||     3
 Stab: Sleeping          |       |     1 ||     1
Armor: Robe              |    10 |     6 ||    16
       Animal skin       |       |     5 ||     5
Dodge: Dodged            |    30 |    27 ||    57

Table legend: (Time is in decaauts)
 A = Elapsed time spent in this place.
 B = Non-inter-level travel time spent in this place.
 C = Inter-level travel time spent in this place.
 D = Time resting spent in this place.
 E = Time spent auto-exploring this place.
 F = Levels seen in this place.
 G = Mean time per level.
                   A        B        C        D        E       F      G
               +--------+--------+--------+--------+--------+-----+--------+
         Total |   3946 |   3889 |     57 |   1208 |   1646 |   4 |  986.5 |
       Dungeon |   3946 |   3889 |     57 |   1208 |   1646 |   4 |  986.5 |
               +--------+--------+--------+--------+--------+-----+--------+

Top non-repeatable levels by time:
     D:1: 1337 daAuts
     D:3: 1281 daAuts
     D:2: 1092 daAuts
     D:4: 234 daAuts
